 Dungeon Crawl Stone Soup version 0.29-a0-266-gf56f883ddd (webtiles) character file.

Game seed: 1242182266028295777

106 Zonian the Chiller (level 4, -4/30 HPs)
             Began as a Demonspawn Ice Elementalist on Mar 7, 2022.
             Slain by a gnoll
             ... wielding a +0 spear
              (7 damage)
             ... on level 2 of the Dungeon.
             The game lasted 00:07:15 (3399 turns).

Zonian the Chiller (Demonspawn Ice Elementalist)    Turns: 3399, Time: 00:07:15

Health: -4/30      AC:  3    Str:  9    XL:     4   Next: 55%
Magic:  13/17      EV: 12    Int: 18    God:
Gold:   92         SH:  4    Dex: 13    Spells: 1/8 levels left

rFire   . . .      SeeInvis .   q - +4 hand axe (flame)
rCold   . . .      Faith    .   (no shield)
rNeg    . . .      Spirit   .   a - +0 robe
rPois   .          Reflect  .   e - +0 helmet
rElec   .          Harm     .   (no cloak)
rCorr   .          Rampage  .   (no gloves)
Will    .....                   (no boots)
Stlth   ++........              (no amulet)
HPRegen 0.10/turn               d - ring of magical power
MPRegen 0.15/turn               (no ring)

@: flying, hasted, very quick
A: large bone plates 1, weakness stinger 1
a: no special abilities


You were on level 2 of the Dungeon.
You visited 1 branch of the dungeon, and saw 2 of its levels.

You collected 92 gold pieces.

Inventory:

Hand Weapons
 b - a +0 dagger
 i - a +0 dagger
 k - a +0 spear
 o - a +0 hunting sling
 q - a +4 hand axe of flaming (weapon)
 t - a +3 whip
Missiles
 m - 2 atropa-tipped darts
Armour
 a - a +0 robe (worn)
 e - a +0 helmet (worn)
 n - a +0 leather armour
Jewellery
 d - a ring of magical power (left hand)
 f - a +4 ring of evasion
 h - a +6 ring of strength
Scrolls
 g - 3 scrolls of teleportation
 r - a scroll of identify {unknown}
Potions
 l - a potion of heal wounds {unknown}
 p - a potion of lignification {unknown}
 s - a potion of magic


   Skills:
 + Level 0.3 Axes
 + Level 2.6 Dodging
 + Level 2.7 Stealth
 + Level 2.7 Spellcasting
 + Level 4.1 Ice Magic


You had one spell level left.
You knew the following spells:

 Your Spells              Type           Power      Damage    Failure   Level
a - Freeze                Ice            68%        1d8       3%          1
b - Frozen Ramparts       Ice            34%        1d5       10%         3
c - Ozocubu's Armour      Ice            17%        N/A       10%         3

Your spell library contained the following spells:

 Spells                   Type           Power      Damage    Failure   Level
 Beastly Appendage        Tmut           4%         N/A       17%         1
 Scorch                   Fire           4%         2d5       26%         2
 Wereblood                Tmut           2%         N/A       26%         2
 Ignite Poison            Fire/Tmut/Pois 2%         N/A       45%         3
 Mephitic Cloud           Conj/Pois/Air  2%         N/A       45%         3
 Spider Form              Tmut/Pois      2%         N/A       45%         3
 Hailstorm                Conj/Ice       9%         3d4       56%         4
 Flame Wave               Conj/Fire      2%         2d4       86%         4
 Summon Lightning Spire   Summ/Air       2%         N/A       86%         4
 Freezing Cloud           Conj/Ice/Air   3%         6-21      95%         5
 Summon Cactus Giant      Summ           1%         N/A       100%        6
 Storm Form               Tmut/Air       1%         N/A       100%        7
 Maxwell's Capacitive Co  Air            1%         ∞         100%        8


Dungeon Overview and Level Annotations

Branches:
Dungeon (2/15)

Altars:
Okawaru


Innate Abilities, Weirdness & Mutations

You are partially covered in large bone plates. (SH +4)
You have a small tail.


Message History

Casting: Freeze (safe; 3% risk of failure)
Confirm with . or Enter, or press ? or * to list all spells.
Aiming: Freeze (safe; 3% risk of failure)
Press: ? - help, Shift-Dir - straight line, f - gnoll
Aim: a gnoll, wielding a +0 spear (moderately wounded)
You freeze the gnoll.
The gnoll is heavily wounded.
The gnoll misses you. The gnoll hits you with a +0 club.
Unknown command.
The gnoll barely misses you.
Unknown command.
Casting: Freeze (safe; 3% risk of failure)
Confirm with . or Enter, or press ? or * to list all spells.
Aiming: Freeze (safe; 3% risk of failure)
Press: ? - help, Shift-Dir - straight line, f - gnoll, p - gnoll
Aim: a gnoll, wielding a +0 club You freeze the gnoll!
The gnoll is severely wounded.
The gnoll misses you. The gnoll hits you with a +0 club.
* * * LOW HITPOINT WARNING * * *
Okay, then.
Casting: Freeze (safe; 3% risk of failure)
Confirm with . or Enter, or press ? or * to list all spells.
Aiming: Freeze (safe; 3% risk of failure)
Press: ? - help, Shift-Dir - straight line, f/p - gnoll
Aim: a gnoll, wielding a +0 club (severely wounded)
You freeze the gnoll.
The gnoll is severely wounded.
The gnoll hits you from afar with a +0 spear.
* * * LOW HITPOINT WARNING * * *
You block the gnoll's attack.
It was a potion of flight.
You feel very buoyant.
You fly up into the air.
The gnoll hits you from afar with a +0 spear.
* * * LOW HITPOINT WARNING * * *
The gnoll misses you.
It was a potion of haste.
You feel yourself speed up.
The gnoll hits you from afar with a +0 spear!
You die...

......................'.........'
##......###.####..[#.##.........#
##..#### #.#...#.##.###..:....##
##.######.#.#......# ##.....##
#........#...##########...##
#.#########.##### #)...g..# #.#
#..†.....# #.###.#.# # *.#
#.##.###.####.###†#.# # *.#
#.##..@gg......)..#.# # *.#
#.######.####.##....### ####.#
#.######.# #.#........ .....#
#........# #..†....###
###..#######.####### #####.###
#............# #.# #.###.###.#..#
#.# #...###...#..# #.#
..#.#.#.###..# #.#


You could see 2 gnolls.

Vanquished Creatures
  2 adders (D:2)
  3 gnolls
  2 worms (D:2)
  A dart slug (D:2)
  7 ball pythons
  5 endoplasms
  2 giant cockroaches
  2 goblins (D:2)
  7 hobgoblins
  4 jackals (D:1)
  2 quokkas
  6 bats
  3 frilled lizards
  2 kobolds (D:1)
  2 rats
50 creatures vanquished.

Notes
Turn   | Place    | Note
-------+----------+-------------------------------------------
     0 | D:1      | Zonian the Demonspawn Ice Elementalist began the quest for
                  | the Orb.
     0 | D:1      | Reached XP level 1. HP: 13/13 MP: 3/3
   649 | D:1      | Gained mutation: You are partially covered in large bone
                  | plates. (SH +4) [demonic ancestry]
   649 | D:1      | Reached XP level 2. HP: 18/19 MP: 5/5
  1044 | D:1      | Gained mutation: You have a small tail. [demonic ancestry]
  1044 | D:1      | Reached XP level 3. HP: 12/24 MP: 6/6
  2435 | D:2      | Reached skill level 4 in Ice Magic
  2621 | D:2      | Noticed an ogre
  2758 | D:2      | Reached XP level 4. HP: 22/30 MP: 7/7
  3047 | D:2      | Found an iron altar of Okawaru.
  3224 | D:2      | Learned a level 3 spell: Frozen Ramparts
  3288 | D:2      | Learned a level 3 spell: Ozocubu's Armour
  3399 | D:2      | Slain by a gnoll

Illustrated notes

Levels and vault maps discovered:
D:1:      tarquinn_simple_flora_water_f, layout_basic, minivault_14,
          corexii_leaking_fountain, due_unseen_surprise
D:2:      layout_loops_corners, basic_altar, minmay_indecisive_spiral

Skill      XL: |  1  2  3 |
---------------+----------+-----
Stealth        | 2 |  2.7
Dodging        | 2 |  2.6
Ice Magic      | 4 |  4.1
Axes           | |  0.3
Spellcasting   | |  2.7

Action                   |  1- 3 |  4- 6 || total
-------------------------+-------+-------++-------
Melee: Unarmed           |    11 |       ||    11
       Dagger            |     5 |       ||     5
       Spear             |    41 |       ||    41
       Tailslap          |     3 |     1 ||     4
       Hand axe          |     2 |    30 ||    32
 Cast: Freeze            |    59 |    12 ||    71
  Use: Potion            |     1 |     2 ||     3
       Scroll            |     1 |     3 ||     4
 Stab: Sleeping          |     5 |     1 ||     6
Armor: Robe              |    21 |     5 ||    26
Dodge: Dodged            |    83 |    28 ||   111
Block: Other             |    23 |    12 ||    35

Table legend: (Time is in decaauts)
 A = Elapsed time spent in this place.
 B = Non-inter-level travel time spent in this place.
 C = Inter-level travel time spent in this place.
 D = Time resting spent in this place.
 E = Time spent auto-exploring this place.
 F = Levels seen in this place.
 G = Mean time per level.
                   A        B        C        D        E       F      G
               +--------+--------+--------+--------+--------+-----+--------+
         Total |   3413 |   3343 |     70 |   1261 |   1359 |   2 | 1706.5 |
       Dungeon |   3413 |   3343 |     70 |   1261 |   1359 |   2 | 1706.5 |
               +--------+--------+--------+--------+--------+-----+--------+

Top non-repeatable levels by time:
     D:2: 1708 daAuts
     D:1: 1704 daAuts
